 Dungeon Crawl Stone Soup version 0.21.1-1-g345015f (webtiles) character file.

76 olivier the Chopper (level 4, 0/41 HPs)
             Began as a Gnoll Wanderer on June 19, 2018.
             Succumbed to a worker ant's poison
             ... on level 2 of the Dungeon.
             The game lasted 00:04:31 (790 turns).

olivier the Chopper (Gnoll Wanderer)                 Turns: 790, Time: 00:04:32

Health: 0/41       AC:  6    Str: 15    XL:     4   Next: 32%
Magic:  5/5        EV:  8    Int: 15    God:
Gold:   56         SH:  9    Dex: 14    Spells: 5/5 levels left

rFire    . . .     SeeInvis .   b - +1 hand axe
rCold    . . .     Gourm    .   a - +0 shield
rNeg     . . .     Faith    .   c - +0 ring mail
rPois    .         Spirit   .   (no helmet)
rElec    .         Reflect  .   (no cloak)
rCorr    .         Harm     .   (no gloves)
MR       .....                  (no boots)
Stlth    +.........             (no amulet)
HPRegen  0.13/turn              e - ring of flight
MPRegen  0.09/turn              (no ring)

@: lethally poisoned (0 -> -2), very slightly contaminated
A: distributed training, fangs 1, strong nose
a: Evoke Flight


You were on level 2 of the Dungeon.
You were not hungry.

You visited 1 branch of the dungeon, and saw 2 of its levels.

You collected 56 gold pieces.

Inventory:

Hand Weapons
 b - a +1 hand axe (weapon)
Missiles
 h - 27 bolts
Armour
 a - a +0 shield (worn)
 c - a +0 ring mail (worn)
Jewellery
 e - a ring of flight (left hand)
Potions
 g - a potion of haste
Comestibles
 d - 3 rations


   Skills:
 + Level 6.6 Fighting
 + Level 1.1 Short Blades
 + Level 1.1 Long Blades
 + Level 6.6 Axes
 + Level 1.1 Maces & Flails
 + Level 1.1 Polearms
 + Level 1.1 Staves
 + Level 1.1 Slings
 + Level 1.1 Bows
 + Level 1.1 Crossbows
 + Level 1.1 Throwing
 + Level 4.6 Armour
 + Level 1.1 Dodging
 + Level 1.1 Stealth
 + Level 4.6 Shields
 + Level 1.1 Unarmed Combat
 + Level 1.1 Spellcasting
 + Level 0.8 Conjurations
 + Level 0.8 Hexes
 + Level 0.8 Charms
 + Level 0.8 Summonings
 + Level 0.8 Necromancy
 + Level 0.8 Translocations
 + Level 0.8 Transmutations
 + Level 0.8 Fire Magic
 + Level 0.8 Ice Magic
 + Level 0.8 Air Magic
 + Level 0.8 Earth Magic
 + Level 0.8 Poison Magic
 + Level 1.2 Invocations
 + Level 1.1 Evocations


You had 5 spell levels left.
You didn't know any spells.

Dungeon Overview and Level Annotations

Branches:
Dungeon (2/15)

Altars:


Innate Abilities, Weirdness & Mutations

Your experience applies equally to all skills.
You have very sharp teeth.
Your uncanny sense of smell can sniff out nearby items.


Message History

As you read the scroll labeled VENTIOSEWOPT, it crumbles to dust.
You assume a fearsome visage.
The kobold looks frightened!
The rat looks frightened!
It was a scroll of fear.
Blink to where?
Press: ? - help, Dir - move target cursor You are very lightly contaminated with residual magic.
As you read the scroll labeled EXEMOZUKLU, it crumbles to dust.
It was a scroll of blinking.
* * * LOW HITPOINT WARNING * * *
You feel sick.
As you read the scroll labeled UPRORAU ZOASITT, it crumbles to dust.
You hear a loud clanging noise!
It was a scroll of noise.
You hear a shout!
Unknown command.
As you read the scroll labeled YNESYPADUM, it crumbles to dust.
It is a scroll of identify.
You don't have any unidentified items.
The kobold screams, "Help!"
You die...

## ### ##### .. ...
).. .# #.# #.# .#
#.# ##.## .# #.#
####..@## .# #.#
#.......# .####.#
###K##....#
.#....###...###.#.#∆
...#............#.#
.#.............##.#
.###.#########[# r#
.# #.# #.# .. .. ..#
#.# ..


You could see a kobold (fleeing) and a rat (fleeing).

Vanquished Creatures
  A worker ant (D:2)
  An ooze (D:1)
  A worm (D:2)
  A dart slug (D:1)
  A leopard gecko (D:1)
  A ball python (D:1)
  2 bats (D:2)
  A giant cockroach (D:2)
  2 goblins
  5 hobgoblins
  7 jackals
  2 quokkas (D:2)
  4 frilled lizards
  5 kobolds
  5 rats
39 creatures vanquished.

Notes
Turn   | Place    | Note
-------+----------+-------------------------------------------
     0 | D:1      | olivier the Gnoll Wanderer began the quest for the Orb.
     0 | D:1      | olivier set off with: a +0 shield, a +0 hand axe, a +0 ring mail, a ration
     0 | D:1      | Reached XP level 1. HP: 23/23 MP: 1/1
    77 | D:1      | Reached XP level 2. HP: 29/29 MP: 2/2
   370 | D:1      | Reached XP level 3. HP: 32/35 MP: 3/3
   621 | D:2      | Reached skill level 1 in Invocations
   771 | D:2      | Reached skill level 1 in Short Blades
   771 | D:2      | Reached skill level 1 in Long Blades
   771 | D:2      | Reached skill level 1 in Maces & Flails
   771 | D:2      | Reached skill level 1 in Polearms
   771 | D:2      | Reached skill level 1 in Staves
   771 | D:2      | Reached skill level 1 in Slings
   771 | D:2      | Reached skill level 1 in Bows
   771 | D:2      | Reached skill level 1 in Crossbows
   771 | D:2      | Reached skill level 1 in Throwing
   771 | D:2      | Reached skill level 1 in Dodging
   771 | D:2      | Reached skill level 1 in Stealth
   771 | D:2      | Reached skill level 1 in Unarmed Combat
   771 | D:2      | Reached skill level 1 in Spellcasting
   771 | D:2      | Reached skill level 1 in Evocations
   771 | D:2      | Reached XP level 4. HP: 10/41 MP: 5/5
   782 | D:2      | HP: 2/41 [poisoned by a worker ant]
   787 | D:2      | HP: 1/41 [poisoned by a worker ant]
   790 | D:2      | Succumbed to a worker ant's poison

Skill      XL: |  1  2  3 |
---------------+----------+-----
Invocations    | 1 |  1.2
Short Blades   | 1 |  1.1
Long Blades    | 1 |  1.1
Maces & Flails | 1 |  1.1
Polearms       | 1 |  1.1
Staves         | 1 |  1.1
Slings         | 1 |  1.1
Bows           | 1 |  1.1
Crossbows      | 1 |  1.1
Throwing       | 1 |  1.1
Dodging        | 1 |  1.1
Stealth        | 1 |  1.1
Unarmed Combat | 1 |  1.1
Spellcasting   | 1 |  1.1
Evocations     | 1 |  1.1
Fighting       | |  6.6
Axes           | |  6.6
Armour         | |  4.6
Shields        | |  4.6
Conjurations   | |  0.8
Hexes          | |  0.8
Charms         | |  0.8
Summonings     | |  0.8
Necromancy     | |  0.8
Translocations | |  0.8
Transmutations | |  0.8
Fire Magic     | |  0.8
Ice Magic      | |  0.8
Air Magic      | |  0.8
Earth Magic    | |  0.8
Poison Magic   | |  0.8

Action                   |  1- 3 |  4- 6 || total
-------------------------+-------+-------++-------
Melee: Hand axe          |   138 |     1 ||   139
       Bite              |    11 |       ||    11
  Use: Scroll            |     1 |     5 ||     6
       Potion            |       |     2 ||     2
Armor: Ring mail         |    37 |     2 ||    39
Dodge: Dodged            |    36 |     1 ||    37
Block: Shield            |    65 |     2 ||    67
